 Dungeon Crawl Stone Soup version 0.26.0-20-g3ca415f5b8 (webtiles) character file.

Game seed: 15510694337789366386

113 kreisler the Sneak (level 4, -1/29 HPs)
             Began as an Octopode Brigand on Jan 24, 2021.
             Slain by a hobgoblin
             ... wielding a +0 club
              (3 damage)
             ... on level 2 of the Dungeon on Jan 25, 2021.
             The game lasted 00:04:59 (1201 turns).

kreisler the Sneak (Octopode Brigand)               Turns: 1201, Time: 00:04:59

Health: -1/29      AC:  1    Str: 10    XL:     4   Next: 96%
Magic:  4/4        EV: 13    Int: 13    God:
Gold:   85         SH:  4    Dex: 14    Spells: 3/3 levels left

rFire    . . .     SeeInvis .   a - +2 dagger
rCold    + . .     Faith    .   (no shield)
rNeg     . . .     Spirit   .   (helmet restricted)
rPois    .         Reflect  .   (no amulet)
rElec    .         Harm     .   (no ring)
rCorr    .         Rampage  .   (no ring)
Will     .....                  (no ring)
Stlth    +++++.....             (no ring)
HPRegen  0.09/turn              (no ring)
MPRegen  0.09/turn              (no ring)
                                (no ring)
                                (no ring)

@: mighty
A: almost no armour, stealthy swim, amphibious, 8 rings, constrict 8, antennae
1, large bone plates 1, camouflage 1, cold resistance 1, gelatinous body 1
a: no special abilities


You were on level 2 of the Dungeon.
You visited 1 branch of the dungeon, and saw 2 of its levels.

You collected 85 gold pieces.

Inventory:

Hand Weapons
 a - a +2 dagger (weapon)
Missiles
 b - 7 poisoned darts (quivered)
 c - 2 curare-tipped darts
Scrolls
 f - a scroll of magic mapping {unknown}
 g - a scroll of identify
Potions
 e - a potion of mutation


   Skills:
 + Level 2.1 Fighting
 + Level 2.6 Short Blades
 + Level 2.2 Throwing
 + Level 1.4 Dodging
 + Level 7.6 Stealth
 + Level 0.1 Shields


You had 3 spell levels left.
You didn't know any spells.
Your spell library was empty.

Dungeon Overview and Level Annotations

Branches:
Dungeon (2/15)

Altars:
Vehumet
Xom


Innate Abilities, Weirdness & Mutations

You cannot wear most types of armour.
You are very stealthy in the water. (Stealth+)
You are amphibious.
You can wear up to eight rings at the same time.
You can use your tentacles to constrict eight enemies at once.
Your skin changes colour to match your surroundings (Stealth+).
Your rubbery body absorbs attacks. (AC +1, EV +1)
You have a pair of small antennae on your head.
You are partially covered in large bone plates. (SH +4)
Your flesh is cold resistant. (rC+)


Message History

* * * LOW HITPOINT WARNING * * *
The kobold barely misses you.
You hit the kobold.
You kill the kobold!
Something hits you.
* * * LOW HITPOINT WARNING * * *
You closely miss something. Something hits you.
* * * LOW HITPOINT WARNING * * *
You hit the orc priest. Your grab misses the orc priest.
The orc priest is moderately wounded.
The orc priest misses you. Something hits you but does no damage.
You hit something but do no damage. The orc priest misses you.
You feel very mighty all of a sudden. Something hits you.
* * * LOW HITPOINT WARNING * * *
The orc priest closely misses you.
You hit the orc priest. Your grab misses the orc priest.
The orc priest is heavily wounded.
Something hits you.
You die...

......#........#.............
#######.......................
.........†#####..........
######....# ..##+#### #....#
#.## ######....## ##..#.#
............ ...#.#
.......#########.{..#
..............##@#..# ..
#####.........##o#..##.. #
#..†......##........ #
#.........##......g. #
#.........##)..>.... #
#.....(...##........ #
########...........#
#...........# #...........#


You could see an orc priest.

Vanquished Creatures
  Natasha (twice) (D:2)
  2 adders (D:2)
  2 dart slugs (D:1)
  A leopard gecko (D:1)
  3 orcs (D:2)
  A giant cockroach (D:2)
  4 goblins
  6 hobgoblins
  3 bats
  5 frilled lizards
  7 kobolds
  3 rats
39 creatures vanquished.

Notes
Turn   | Place    | Note
-------+----------+-------------------------------------------
     0 | D:1      | kreisler the Octopode Brigand began the quest for the Orb.
     0 | D:1      | Reached XP level 1. HP: 14/14 MP: 1/1
   275 | D:1      | Reached XP level 2. HP: 19/19 MP: 2/2
   283 | D:1      | Reached skill level 6 in Stealth
   801 | D:1      | Gained mutation: You are partially covered in large bone
                  | plates. (SH +4) [potion of mutation]
   801 | D:1      | Gained mutation: Your flesh is cold resistant. (rC+)
                  | [potion of mutation]
   801 | D:1      | Gained mutation: You have a pair of small antennae on your
                  | head. [potion of mutation]
   912 | D:2      | Reached XP level 3. HP: 24/24 MP: 3/3
   955 | D:2      | Noticed Natasha
   971 | D:2      | Killed Natasha
  1076 | D:2      | Found a shimmering altar of Xom.
  1076 | D:2      | Found a radiant altar of Vehumet.
  1091 | D:2      | Reached skill level 7 in Stealth
  1091 | D:2      | Reached XP level 4. HP: 29/29 MP: 4/4
  1147 | D:2      | Noticed Natasha
  1160 | D:2      | Killed Natasha
  1201 | D:2      | Slain by a hobgoblin

Illustrated notes

Levels and vault maps discovered:
D:1:      dpeg_arrival_orchard, layout_basic, dk_noncrumbling_4
D:2:      layout_basic, chequers_temple_overflow_statue_of_worship,
          uniq_natasha, uniq_jessica

Skill      XL: |  1  2  3 |
---------------+----------+-----
Stealth        | 6 7 |  7.6
Fighting       | |  2.1
Short Blades   | |  2.6
Throwing       | |  2.2
Dodging        | |  1.4
Shields        | |  0.1

Action                   |  1- 3 |  4- 6 || total
-------------------------+-------+-------++-------
Melee: Dagger            |    46 |    29 ||    75
       Constrict         |    10 |     8 ||    18
       Tentacles         |     9 |     1 ||    10
Throw: Dart              |       |     1 ||     1
  Use: Scroll            |     3 |       ||     3
       Potion            |     2 |     1 ||     3
 Stab: Sleeping          |    10 |     2 ||    12
Armor: Skin              |       |     3 ||     3
Dodge: Dodged            |    20 |    23 ||    43
Block: Other             |     6 |     4 ||    10
